 Dungeon Crawl Stone Soup version 0.31.0-32-g396128a36d (webtiles) character file.

Game seed: 8165967120537220660

1362 hawla the Arsonist (level 8, -10/41 HPs)
             Began as a Deep Elf Fire Elementalist on Apr 19, 2024.
             Was a Follower of Vehumet.
             Mangled by an orc warrior
             ... wielding a +0 glaive
              (14 damage)
             ... on level 7 of the Dungeon.
             The game lasted 00:10:07 (6078 turns).

hawla the Arsonist (Deep Elf Fire Elementalist)     Turns: 6078, Time: 00:10:07

Health: -10/41     AC:  5    Str: 11    XL:     8   Next: 37%
Magic:  2/14       EV: 13    Int: 23    God:    Vehumet [*.....]
Gold:   273        SH:  0    Dex: 21    Spells: 6/13 levels left

rFire   + . .        r - +2 short sword (venom)
rCold   + . .        (no shield)
rNeg    . . .        a - +0 robe
rPois   +            (no helmet)
rElec   +            (no cloak)
rCorr   +            v - +1 pair of gloves
SInv    .            b - +0 pair of boots
Will    .....        (no amulet)
Stlth   ++           g - +6 ring of dexterity
HPRegen 0.26/turn    w - +6 ring of strength
MPRegen 0.14/turn

%: no passive effects
@: mighty, resistant, attractive, studying Axes
A: no striking features
a: Renounce Religion


You were on level 7 of the Dungeon.
You worshipped Vehumet.
Vehumet was aware of your devotion.
You visited 2 branches of the dungeon, and saw 8 of its levels.

You collected 273 gold pieces.

Inventory:

Hand Weapons
 h - the +6 trident "Udal" {pain, rF+}
   (You found it on level 7 of the Dungeon)

   rF+:       It protects you from fire.
 r - a +2 short sword of venom (weapon)
Armour
 a - a +0 robe (worn)
 b - a +0 pair of boots (worn)
 v - a +1 pair of gloves (worn)
Magical Staves
 d - a staff of earth
Jewellery
 g - a +6 ring of dexterity (left hand)
 w - a +6 ring of strength (right hand)
Wands
 s - a wand of digging (4)
 u - a wand of paralysis (12) (quivered)
Scrolls
 c - 2 scrolls of poison
 e - a scroll of fear
 j - a scroll of butterflies
 k - 2 scrolls of identify
 m - a scroll of brand weapon
 p - 3 scrolls of blinking
 t - 2 scrolls of amnesia
Potions
 f - a potion of attraction
 o - a potion of brilliance {unknown}
 q - 2 potions of mutation {unknown}
 z - a potion of lignification {unknown}
 A - a potion of ambrosia {unknown}


   Skills:
 - Level 2.4 Dodging
 - Level 2.4 Stealth
 - Level 3.0 Spellcasting
 - Level 1.1 Conjurations
 + Level 11.7 Fire Magic


You had 6 spell levels left.
You knew the following spells:

 Your Spells              Type           Power      Damage    Failure   Level
a - Foxfire               Conj/Fire      100%       2x1d9     1%          1
b - Scorch                Fire           100%       2d9       1%          2
c - Flame Wave            Conj/Fire      32%        2d9       9%          4

Your spell library contained the following spells:

 Spells                   Type           Power      Damage    Failure   Level
 Shock                    Conj/Air       20%        1d4       10%         1
 Inner Flame              Hex/Fire       30%        N/A       3%          3
 Volatile Blastmotes      Fire/Tloc      60%        2d15      3%          3
 Sandblast                Erth           6%         2d5       12%         1
 Stone Arrow              Conj/Erth      10%        3d7       28%         3
 Passwall                 Erth           3%         N/A       34%         3
 Brom's Barrelling Bould  Conj/Erth      5%         2d3       67%         4


Dungeon Overview and Level Annotations

Branches:
Dungeon (7/15)             Temple (1/1) D:4

Altars:
Ashenzari
Cheibriados
Dithmenos
Elyvilon
Gozag
Hepliaklqana
Kikubaaqudgha
Makhleb
Nemelex Xobeh
Okawaru
Qazlal
Ru
Sif Muna
Uskayaw
Vehumet
Wu Jian
Xom
Yredelemnul
Zin

Shops:
D:3 (

Annotations:
D:3 1 runed translucent door, rutigerpupkin's ghost, amateur GrEE


Message History

The orc warrior is moderately wounded.
The orc warrior barely misses you.
Casting: Scorch (safe; 1% risk of failure)
Confirm with . or Enter, or press ? or * to list all spells.
You conjure some foxfire!
The orc warrior hits you from afar with a +0 glaive.
Casting: Foxfire (safe; 1% risk of failure)
Confirm with . or Enter, or press ? or * to list all spells.
Flames lash the killer bee.
The killer bee is almost dead.
The killer bee's fire resistance burns away.
You hear a shout!
You hear an angry buzzing noise.
You hear a shout!
The foxfire hits the orc warrior but does no damage.
The orc warrior is moderately wounded.
The foxfire hits the orc warrior.
The orc warrior is burned terribly!
The orc warrior is moderately wounded.
The orc warrior hits you from afar with a +0 glaive!!
Ouch! That really hurt!
You hear a shout!
Casting: Scorch (safe; 1% risk of failure)
Confirm with . or Enter, or press ? or * to list all spells.
You conjure some foxfire!
The orc warrior barely misses you.
A kobold comes into view.
It is wielding a +0 dagger and quivering poisoned darts.
You feel attractive to monsters.
The orc warrior is no longer more vulnerable to fire.
The foxfire hits the orc warrior.
The orc warrior is heavily wounded.
The foxfire hits the orc warrior!
The orc warrior is severely wounded.
The orc warrior hits you from afar with a +0 glaive!
* * * LOW HITPOINT WARNING * * *
The orc warrior is attracted toward you.
The killer bee is attracted toward you. The kobold is attracted toward you.
It was a potion of resistance.
You feel protected. The orc warrior misses you.
It was a potion of might.
You feel very mighty all of a sudden.
The orc warrior hits you with a +0 glaive!
You die...

#.# #.# #.# #.# #.# #.#
#.# #..###### #.####
#..§Kyo@# #....# ##.####.#
####.# #.# #.# #.# #.# #.#
#.# #.##########.#
>########.#.)........#
..........#.########.#
.................###.#####


You could see an orc warrior, a killer bee (combustible) and a kobold.

Vanquished Creatures
  A steam dragon (D:7)
  A black bear (D:5)
  A centaur (D:7)
  2 phantoms
  2 kobold brigands
  2 scorpions
  A killer bee (D:7)
  2 bombardier beetles (D:3)
  2 gnoll boudas
  2 orc priests
  2 hounds
  2 jellies
  2 iguanas
  2 orc wizards (D:5)
  3 adders
  7 gnolls
  2 shadow imps
  A white imp (D:6)
  3 dart slugs
  10 orcs
  7 ball pythons
  4 bats
  6 endoplasms
  3 giant cockroaches
  6 goblins
  5 hobgoblins
  5 jackals
  6 quokkas
  9 kobolds
  5 rats
106 creatures vanquished.

Vanquished Creatures (collateral kills)
  A foxfire (D:3)
1 creature vanquished.

Vanquished Creatures (others)
  222 foxfires
222 creatures vanquished.

Grand Total: 329 creatures vanquished

Notes
Turn   | Place    | Note
-------+----------+-------------------------------------------
     0 | D:1      | hawla the Deep Elf Fire Elementalist began the quest for
                  | the Orb.
     0 | D:1      | Reached XP level 1. HP: 10/10 MP: 6/6
   224 | D:1      | Reached XP level 2. HP: 15/15 MP: 6/8
   227 | D:1      | Learned a level 2 spell: Scorch
   254 | D:1      | Reached skill level 4 in Fire Magic
  1144 | D:2      | Reached XP level 3. HP: 19/19 MP: 7/9
  1742 | D:2      | Reached skill level 5 in Fire Magic
  1892 | D:3      | Reached XP level 4. HP: 23/24 MP: 3/10
  1897 | D:3      | Learned a level 4 spell: Flame Wave
  2016 | D:3      | Reached skill level 6 in Fire Magic
  2122 | D:3      | Found Oxezejom's Antique Weapon Boutique.
  2185 | D:3      | Found a runed translucent door.
  2189 | D:3      | Noticed rutigerpupkin's ghost (amateur GrEE)
  2587 | D:3      | Found an ornate altar of the Wu Jian Council.
  2802 | D:4      | Noticed a kobold brigand
  2810 | D:4      | Killed a kobold brigand
  2811 | D:4      | Reached XP level 5. HP: 20/28 MP: 0/11
  2813 | D:4      | Reached skill level 7 in Fire Magic
  2857 | D:4      | Reached XP level 6. HP: 22/32 MP: 0/12
  3157 | D:4      | Found a staircase to the Ecumenical Temple.
  3202 | Temple   | Entered the Ecumenical Temple
  3230 | Temple   | Became a worshipper of Vehumet
  3661 | D:5      | Entered Level 5 of the Dungeon
  3749 | D:5      | Reached skill level 8 in Fire Magic
  3887 | D:5      | Reached XP level 7. HP: 36/36 MP: 6/13
  3899 | D:5      | Reached skill level 9 in Fire Magic
  4952 | D:6      | Found a white marble altar of Elyvilon.
  4961 | D:6      | Reached skill level 10 in Fire Magic
  5204 | D:6      | Reached * piety under Vehumet
  5204 | D:6      | Offered knowledge of Shock by Vehumet.
  5710 | D:7      | Noticed a steam dragon
  5716 | D:7      | Reached XP level 8. HP: 15/41 MP: 8/14
  5721 | D:7      | Reached skill level 11 in Fire Magic
  5862 | D:7      | Identified the +6 trident "Udal" {pain, rF+}
  5968 | D:7      | Found an opulent altar of Gozag.
  6078 | D:7      | Mangled by an orc warrior

Illustrated notes

Levels and vault maps discovered:
D:1:      scummos_arrival_simple_fountains, layout_basic,
          nicolae_twisty_statue_hallways
D:2:      layout_loops_ring, chequers_serial_rivers_small_3
D:3:      layout_loops_cross, mainiacjoe_overflow_chevrons,
          ebering_ghost_sewer_d, serial_shops, nicolae_shop_tiny_real_fake_doors
D:4:      layout_loops_ring, minmay_temple_entry_trees, serial_glass,
          glass_columns_c, glass_columns_b, glass_columns_a, glass_columns_a,
          glass_columns_b, glass_columns_c, glass_columns_b, glass_columns_a,
          minmay_manual_mess
D:5:      layout_rooms
D:6:      layout_layer_cave, nicolae_elyvilon_peaceful_grove
D:7:      layout_loops_ring, mainiacjoe_overflow_paths
Temple:   nicolae_temple_elliptical

Skill      XL: |  1  2  3  4  5  6  7  8 |
---------------+-------------------------+-----
Fire Magic     | 4 5 6 7 8 10 11 | 11.7
Dodging        | |  2.4
Stealth        | |  2.4
Spellcasting   | |  3.0
Conjurations   | |  1.1

Action                     |  1- 3 |  4- 6 |  7- 9 || total
---------------------------+-------+-------+-------++-------
  Melee: Unarmed           |     4 |     4 |       ||     8
         Short sword       |       |    14 |    40 ||    54
   Cast: Foxfire           |    59 |    45 |    25 ||   129
         Scorch            |    10 |    23 |    20 ||    53
         Flame Wave        |       |     3 |     2 ||     5
    Use: Scroll            |     3 |     5 |     6 ||    14
         Potion            |       |     4 |     5 ||     9
 Armour: Robe              |     4 |    21 |    48 ||    73
  Dodge: Dodged            |     5 |    32 |    55 ||    92
